Cogmind - Beta 17.1 @@@ ROGUE MODE // 2026.09.20 @ 19:06:48 Player: AnotherZach Result: Destroyed by B-75 Beast with Heavy Machine Gun Performance ------------- Evolutions (5) 2500 Regions Visited (21) 4200 Robots Destroyed (158) 790 Value Destroyed (8828) 8828 Prototype IDs (31) 620 Alien Tech Used (0) 0 Bonus (5321) 5321 TOTAL SCORE: 22259 Bonus ------- High Alert Combat Kills 160 Follower Combat Kills 854 Entered Garrisons 1400 Used RIF Installer 3000 Aligned with FarCom 300 Friendly Fire -393 Cogmind --------- Core Integrity 0/1000 Matter 236/300 Energy 69/100 System Corruption 20% Temperature Cool (0) Movement Core (250) Ox4 Location -5/Garrison Parts ------- > --- POWER (1) -------- (None) > --- PROPULSION (6) --- (None) > --- UTILITY (8) ------ Heavy Reflective Plating Relay Coupler [NC] (7) Relay Coupler [Sentry] (26) > --- WEAPON (2) ------- (None) > --- INVENTORY (5) ---- Relay Coupler [NC] (27) Relay Coupler [Hunter] (18) Peak State ------------ > --- POWER ------------ Micro Nuclear Core > --- PROPULSION ------- Carbon-fiber Leg Carbon-fiber Leg Flexi-carbon Leg Flexi-carbon Leg Advanced VSS Leg Advanced VSS Leg > --- UTILITY ---------- Advanced Heat Sink Large Storage Unit Improved Targeting Computer Authchip [R/Combat] Relay Coupler [NC] Relay Coupler [Grunt] Relay Coupler [Sentry] Relay Coupler [Sentry] > --- WEAPON ----------- Coil Gun Improved Remote Datajack > --- INVENTORY -------- Light Angular Momentum Engine Carbon-fiber Leg Carbon-fiber Leg Heavy Reflective Plating Authchip [R/NC] Relay Coupler [NC] Relay Coupler [NC] Relay Coupler [NC] Relay Coupler [Sentry] Trap Extractor Improved Trap Extractor Plasma Cannon Heavy Machine Gun Improved Datajack [Rating: 74] Favorites ----------- Power Micro Nuclear Core Engine Light Angular Momentum Engine Power Core Micro Nuclear Core Reactor Light Quantum Reactor Propulsion VSS Leg Treads Light Treads Leg VSS Leg Wheel Wheel Hover Unit Cooled Gravmag System Flight Unit Flight Unit Utility Relay Coupler [NC] Device Advanced Heat Sink Storage Large Storage Unit Processor Improved Salvage Targeting Computer Hackware Relay Coupler [NC] Protection Layered Light Armor Plating Weapon Longsword +1 Energy Gun Medium Laser Energy Cannon Heavy Plasma Cannon Ballistic Gun Heavy Assault Rifle Ballistic Cannon Heavy Mass Driver Launcher Rocket Launcher Special Weapon Improved Remote Datajack Slashing Weapon Longsword +1 Piercing Weapon Lance Special Melee Weapon Improved Datajack Build | -11 -10 -10 -10 -9 -8 -8 -8 -8 -8 -7 -7 -7 -7 -7 -7 -6 -6 -5 -5 -5 -5 ------- Run | Yrd Mat Min Exi Min Mat Gar Mat Gar Mat Fac Was Fac Gar Fac Gar Fac Gar Fac Gar Fac Gar Slots Evolved 10 | . . . . . 4 . . . . 2 . . . . . 2 . 2 . . . Power . | . . . . . . . . . . . . . . . . . . . . . . Propulsion 4 | . . . . . 2 . . . . 2 . . . . . . . . . . . Utility 6 | . . . . . 2 . . . . . . . . . . 2 . 2 . . . Weapon . | . . . . . . . . . . . . . . . . . . . . . . Parts Attached 207 | 6 6 2 1 2 13 5 9 21 10 9 2 13 7 . 5 26 24 7 19 19 1 Power 17 | . 1 . . 1 2 1 1 1 1 1 . 1 1 . . 2 1 . 1 2 . Engine 12 | . 1 . . 1 1 . 1 1 1 . . 1 . . . 2 1 . . 2 . Core 4 | . . . . . 1 1 . . . 1 . . . . . . . . 1 . . Reactor 1 | . . . . . . . . . . . . . 1 . . . . . . . . Propulsion 82 | 2 2 . . . 4 2 5 12 1 5 . 7 1 . 1 11 11 2 5 11 . Treads 15 | 2 . . . . . 1 . 11 1 . . . . . . . . . . . . Leg 32 | . . . . . . 1 . 1 . . . 6 1 . 1 5 10 2 5 . . Wheel 20 | . . . . . . . 5 . . . . . . . . 6 1 . . 8 . Hover 3 | . . . . . . . . . . . . . . . . . . . . 3 . Flight 12 | . 2 . . . 4 . . . . 5 . 1 . . . . . . . . . Utility 74 | 2 1 1 1 . 6 2 2 3 6 2 1 4 4 . 4 7 10 3 10 4 1 Device 18 | 2 . . . . 3 . 1 . 2 . . . . . 1 1 3 1 4 . . Storage 6 | . . 1 1 . . . . . . . . 2 . . . . . . 1 1 . Processor 7 | . 1 . . . 2 . . 1 . . . . 1 . . 1 . 1 . . . Hackware 31 | . . . . . 1 2 1 1 1 1 . 1 2 . 3 5 6 1 4 2 . Protection 12 | . . . . . . . . 1 3 1 1 1 1 . . . 1 . 1 1 1 Artifact . | . . . . . . . . . . . . . . . . . . . . . . Weapon 34 | 2 2 1 . 1 1 . 1 5 2 1 1 1 1 . . 6 2 2 3 2 . Energy Gun 2 | . 1 . . . . . . . . . . . . . . . . . 1 . . Energy Cannon 3 | . . . . . . . . . . . 1 . . . . . 1 1 . . . Ballistic Gun 16 | 2 1 . . . . . 1 4 2 . . . . . . 2 1 1 2 . . Ballistic Cannon 3 | . . . . . . . . 1 . . . . 1 . . 1 . . . . . Launcher 1 | . . 1 . . . . . . . . . . . . . . . . . . . Special Weapon 4 | . . . . . . . . . . . . . . . . 3 . . . 1 . Impact Weapon . | . . . . . . . . . . . . . . . . . . . . . . Slashing Weapon 2 | . . . . 1 . . . . . . . 1 . . . . . . . . . Piercing Weapon 1 | . . . . . . . . . . . . . . . . . . . . 1 . Special Melee Weapon 2 | . . . . . 1 . . . . 1 . . . . . . . . . . . Unidentified Prototypes 4 | . . . . . 1 . . . . . 1 1 . . . . . . . 1 . Parts Lost 71 | . . . . . 5 1 4 10 . . . . 4 . 2 11 2 3 13 4 12 Power 8 | . . . . . . . 1 2 . . . . . . . 1 . 1 1 1 1 Propulsion 38 | . . . . . 3 1 2 7 . . . . . . 1 7 . 2 7 3 5 Utility 12 | . . . . . 1 . 1 . . . . . 3 . . 1 1 . 2 . 3 Weapon 13 | . . . . . 1 . . 1 . . . . 1 . 1 2 1 . 3 . 3 Highest Loss Streak 12 | . . . . . 4 1 1 4 . . . . 2 . 2 8 1 1 8 3 12 To Critical Strikes 2 | . . . . . . . 1 1 . . . . . . . . . . . . . Average Backups 11 | 2 4 6 10 6 6 6 7 13 19 7 5 8 14 14 13 11 13 13 13 15 13 Power . | . . . 2 1 . 1 1 . . . . . 1 1 1 1 1 . . . . Propulsion 2 | . 1 3 3 2 1 1 2 2 6 . . 1 4 2 1 1 2 2 1 . . Utility 5 | . 1 2 2 2 3 3 3 4 6 3 4 5 5 5 4 5 6 7 9 12 9 Weapon 2 | . 1 1 2 . . 1 1 4 4 1 . . 1 4 3 2 1 1 1 1 1 Tool/Special . | . . . . . . . . . . . . . . . . . . . . . . Unused Backups 32 | . 2 1 1 3 1 1 . 1 2 3 . . 2 . 2 . . 1 3 . 9 Power 6 | . 1 . . 2 1 1 . 1 . . . . . . . . . . . . . Propulsion 5 | . 1 . . . . . . . 2 1 . . . . . . . 1 . . . Utility 15 | . . . . 1 . . . . . 1 . . 2 . . . . . 3 . 8 Weapon 5 | . . 1 1 . . . . . . 1 . . . . 2 . . . . . . Tool/Special 1 | . . . . . . . . . . . . . . . . . . . . . 1 Average Slot Usage (%) 85 | . 83 73 71 91 82 73 83 90 94 86 92 98 88 84 82 85 94 94 84 87 81 Engine 3 | . 2 1 . 6 7 . . 4 9 3 . . 6 . . 3 6 4 . 2 3 Core 2 | . . . . . . 5 8 2 . 2 7 6 . . . . . . 4 . . Treads 6 | . 23 . . . . 2 7 23 36 2 . . . . . . . . . . . Leg 13 | . . . . . . 5 6 . . . . 11 46 46 41 24 22 30 21 4 . Wheel 4 | . . . . . . . 7 9 . . . . . . . 8 17 . . 11 25 Flight 6 | . 4 28 28 28 30 10 . . . 32 38 34 . . . . . . . . . Device 6 | . 14 14 14 14 9 9 8 2 5 7 7 5 . . . 3 4 5 10 7 4 Storage 7 | . . 13 14 14 9 9 9 9 9 1 . 6 7 7 7 6 6 5 5 5 4 Processor 4 | . 9 . . . 11 9 9 10 7 . . . . 7 6 3 . 4 5 5 3 Hackware 10 | . . . . . 2 5 9 8 1 5 7 12 3 . 4 18 17 27 21 18 17 Protection 3 | . . . . . . . . 1 8 15 15 4 13 7 4 1 4 . . 6 9 Energy Gun 1 | . . 10 14 . . . . . . . . . . . . . . . . . . Ballistic Gun 3 | . 27 1 . . . . . 7 14 3 . . . . . 1 7 3 4 4 . Slashing Weapon 3 | . . . . 14 7 6 8 4 1 5 6 6 3 . 1 4 1 . . . . Special Melee Weapon 2 | . . . . . 4 9 9 2 1 5 7 6 1 . 1 1 . . . . . Peak Build Rating 74 | 5 7 8 11 17 31 34 31 37 33 33 33 49 59 57 57 59 60 74 66 66 54 Average Rating 36 | 3 5 7 8 16 25 26 28 26 27 29 32 38 48 57 51 47 50 67 57 56 43 On Entrance 32 | . 5 7 8 9 17 24 29 19 33 24 33 33 49 57 57 53 48 60 59 47 54 Avg Prop Armor Cover (%) 9 | 30 28 . . . . 11 12 6 . . . 4 4 . . 14 10 6 4 6 . Naked Turns . | . . . . . . . . . . . . . . . . . . . . . . Heaviest Build 74 | 3 8 10 43 16 17 52 52 61 65 20 19 43 70 70 70 57 59 42 47 68 74 Greatest Support 106 | 20 8 8 8 8 17 20 52 80 80 25 25 60 72 72 72 90 100 106 78 60 60 Greatest Overweight (x) 8 | . . 1 5 1 1 2 3 4 . . . 2 1 . 1 3 . . 8 4 4 Average Overweight (x) . | . . . 4 1 . . . . . . . . . . . . . . . . 1 Largest Inventory Capacity 20 | 5 5 8 20 20 8 20 20 20 20 20 5 15 15 15 15 15 15 15 15 20 20 Average Capacity 15 | 5 5 7 19 8 8 11 20 20 20 7 5 10 15 15 15 15 15 15 15 16 17 Most Carried 20 | 4 5 8 14 12 8 20 20 20 20 18 5 15 15 15 15 15 15 15 15 20 20 Average Carried 13 | 2 4 7 11 7 7 10 18 15 19 6 5 9 14 15 14 13 14 14 14 16 14 Final Capacity 20 | 5 5 8 20 8 8 20 20 20 20 5 5 15 15 15 15 15 15 15 15 20 5 Final Carried 20 | 4 5 8 13 8 7 20 17 19 18 5 5 15 15 15 15 15 15 13 15 20 2 Class Distribution -------------------- 30% | Mutant 25% | Bothacker-Mutant 22% | Botlord-Mutant 17% | Scavenger-Mutant 3% | Scavenger-Sprinter Dominant Class ---------------- Mutant | -10/Materials Mutant | -10/Mines Mutant | -10/Exiles Scavenger-Mutant | -9/Mines Scavenger-Sprinter | -8/Materials Mutant | -8/Garrison Mutant | -8/Materials Scavenger-Mutant | -8/Garrison Bothacker-Mutant | -8/Materials Scavenger-Sprinter | -7/Factory Scavenger-Sprinter | -7/Waste Scavenger-Sprinter | -7/Factory Bothacker-Mutant | -7/Garrison Bothacker-Mutant | -7/Factory Bothacker-Mutant | -7/Garrison Bothacker-Mutant | -6/Factory Botlord-Mutant | -6/Garrison Botlord-Mutant | -5/Factory Botlord-Mutant | -5/Garrison Botlord-Mutant | -5/Factory Botlord-Mutant | -5/Garrison Resources | -11 -10 -10 -10 -9 -8 -8 -8 -8 -8 -7 -7 -7 -7 -7 -7 -6 -6 -5 -5 -5 -5 ----------- Run | Yrd Mat Min Exi Min Mat Gar Mat Gar Mat Fac Was Fac Gar Fac Gar Fac Gar Fac Gar Fac Gar Matter Collected 5749 | 282 30 67 104 40 106 157 118 462 352 . 216 140 258 . 450 803 810 262 594 492 6 Remotely 157 | 157 . . . . . . . . . . . . . . . . . . . . . Salvage Created 7430 | 109 329 11 . 24 109 157 481 709 478 . 57 480 618 . 500 1614 835 247 416 215 41 Parts 342 | 10 27 4 . 4 11 8 25 28 21 . 2 19 26 . 26 55 20 13 17 22 4 Haulers Intercepted 2 | . 1 . . . . . . . . . . . . . . . . 1 . . . Recyclers Shooed 8 | . . . . . 1 . 1 . . . . . . . . 5 . . . 1 . Parts Field Recycled . | . . . . . . . . . . . . . . . . . . . . . . Retrieved Matter . | . . . . . . . . . . . . . . . . . . . . . . Parts Self-Destructed . | . . . . . . . . . . . . . . . . . . . . . . Prevented . | . . . . . . . . . . . . . . . . . . . . . . Parts Restored . | . . . . . . . . . . . . . . . . . . . . . . Kills | -11 -10 -10 -10 -9 -8 -8 -8 -8 -8 -7 -7 -7 -7 -7 -7 -6 -6 -5 -5 -5 -5 ------- Run | Yrd Mat Min Exi Min Mat Gar Mat Gar Mat Fac Was Fac Gar Fac Gar Fac Gar Fac Gar Fac Gar Combat Hostiles Destroyed 110 | . 10 3 . . 5 1 5 15 9 . . 5 14 . 5 16 10 3 6 2 1 Melee 36 | . . . . . 1 1 4 6 1 . . 5 6 . 3 6 . . . 2 1 Guns 37 | . 7 . . . . . 1 5 8 . . . . . . 4 4 3 5 . . Cannons 25 | . . . . . . . . 4 . . . . 8 . 2 6 5 . . . . AOE 10 | . 3 3 . . 4 . . . . . . . . . . . . . . . . Classes Destroyed 14 | 2 4 . . . 1 . 2 1 1 . . 1 . . . 1 . . 1 . . Worker 8 | . . . . . . . 3 . . . . 1 . . . 3 . . . 1 . Builder 8 | . 1 . . . 1 . 3 . . . . . . . . . . . . 3 . Tunneler 5 | 2 . . . 1 . . 1 . . . . . . . . . . . . 1 . Hauler 2 | . 1 . . . . . . . . . . . . . . . . 1 . . . Recycler 15 | 1 1 . . . . . 2 . 1 . . 3 . . . 7 . . . . . Operator 1 | . . . . . 1 . . . . . . . . . . . . . . . . Watcher 1 | . . . . . . . . . . . . 1 . . . . . . . . . Swarmer 36 | . 7 3 . . 4 . 2 5 2 . . . 7 . 1 4 . . 1 . . Grunt 51 | . 3 . . . 1 1 3 4 5 . . 5 6 . 2 5 11 . 3 2 . Duelist 1 | . . . . . . . . . . . . . . . . 1 . . . . . Sentry 14 | . . . . . . . 1 5 1 . . . 1 . 2 3 1 . . . . Hunter 3 | . . . . . . . . . 1 . . . . . . . 1 . . . 1 Programmer 12 | . . . . . . . . 1 . . . . 1 . 3 3 . 3 1 . . Behemoth 1 | . . . . . . . . . . . . . . . . . . . 1 . . Best Kill Streak 8 | 2 8 3 . 1 4 1 4 6 3 . . 6 4 . 3 7 3 2 2 4 1 Combat Bots Only 7 | . 6 3 . . 4 1 2 6 3 . . 3 4 . 3 7 3 2 2 2 1 Max Kills in Single Turn 5 | 1 5 2 . 1 3 1 1 1 1 . . 1 1 . 1 1 1 1 1 1 1 Gunslinging . | . . . . . . . . . . . . . . . . . . . . . . Exploded 3 | . 3 2 . . 3 . . . . . . . . . . . . . . . . Melee 1 | . . . . . 1 1 1 1 1 . . 1 1 . 1 1 . . . 1 1 Uniques/NPCs Destroyed . | . . . . . . . . . . . . . . . . . . . . . . Combat | -11 -10 -10 -10 -9 -8 -8 -8 -8 -8 -7 -7 -7 -7 -7 -7 -6 -6 -5 -5 -5 -5 -------- Run | Yrd Mat Min Exi Min Mat Gar Mat Gar Mat Fac Was Fac Gar Fac Gar Fac Gar Fac Gar Fac Gar Hostile Shots Fired 1025 | . 72 6 . 2 29 3 39 101 68 . . 24 104 . 35 169 128 25 96 28 96 Missed 325 | . 29 2 . 1 7 1 9 28 18 . . 11 25 . 9 63 51 6 32 9 24 Hits 700 | . 43 4 . 1 22 2 30 73 50 . . 13 79 . 26 106 77 19 64 19 72 Melee 1 | . . . . . . . . . . . . . . . . 1 . . . . . Projectile 699 | . 43 4 . 1 22 2 30 73 50 . . 13 79 . 26 105 77 19 64 19 72 AOE 2 | . . . . . . . . . . . . . . . . . . . . 2 . Critical Strikes 30 | . 3 . . . . . 2 4 2 . . . 3 . 1 1 4 1 4 . 5 Actively Blocked 1 | . . . . . . . . . . . . . 1 . . . . . . . . Part Disruptions 1 | . . . . . . . . 1 . . . . . . . . . . . . . Damage Taken 12024 | . 373 33 . 10 325 47 588 1443 719 . . 199 1215 . 324 1435 1141 532 1455 553 1632 Core 2231 | . 84 8 . . 49 16 166 173 85 . . 65 91 . 110 195 188 98 240 60 603 Absorbed by Shields 10 | . . . . . . . . . . . . . . . . . 10 . . . . Redirected to Shielding 82 | . . . . . . . . . . . . . 82 . . . . . . . . Ignored by Resistances 16 | . . . . . . . . . . . . . . . . . . . . . 16 Regen/Repaired (Parts) 280 | . . . . . . . . . . . . 19 180 . . 81 . . . . . Core Remaining (%) 58 | 100 . . . 63 . . . . 11 . . . . . 62 . 54 . . . . Volleys Fired 401 | 11 18 2 . . 2 . 4 31 29 . . . 26 . 15 61 85 22 54 35 6 Largest 2 | 2 2 2 . . 1 . 1 2 2 . . . 1 . 1 2 2 2 2 1 2 Hottest 120 | 40 40 83 . . 33 . 20 57 53 . . . 65 . 65 65 120 110 110 23 92 Shots Fired 571 | 22 36 4 . . 2 . 4 44 56 . . . 26 . 15 77 136 37 67 35 10 Gun 336 | 22 36 2 . . . . 4 36 56 . . . . . . 39 75 15 30 13 8 Cannon 148 | . . . . . . . . 8 . . . . 26 . 15 16 42 16 25 . . Launcher 4 | . . 2 . . 2 . . . . . . . . . . . . . . . . Special 83 | . . . . . . . . . . . . . . . . 22 19 6 12 22 2 Kinetic 393 | 22 36 . . . . . 4 44 56 . . . 26 . 15 55 75 15 28 13 4 Thermal 91 | . . 2 . . . . . . . . . . . . . . 42 16 27 . 4 Explosive 4 | . . 2 . . 2 . . . . . . . . . . . . . . . . Electromagnetic . | . . . . . . . . . . . . . . . . . . . . . . Robot Hit Streak 23 | 5 9 1 . . 2 . 6 15 11 . . . 7 . 6 10 11 6 11 23 9 Robot Miss Streak 7 | 1 3 2 . . . . . 4 2 . . . 3 . . 3 7 2 3 1 1 Penetration Max 1 | . . . . . . . . . . . . . . . . 1 . . 1 . . Secondary Targets 2 | . 1 . . . . . . . 1 . . . . . . . . . . . . Max Gunslinging Chain 1 | . 1 . . . . . . . 1 . . . . . . . . . . . . Shots Hit Robots 576 | 16 21 1 . 1 6 7 37 80 45 . 2 31 34 . 25 84 71 24 44 36 11 Core Hits 209 | 5 16 2 . 1 7 2 10 32 15 . . 7 14 . 11 31 25 8 12 9 2 Critical Kills 6 | . . . . . . . . . 2 . . . . . . . 1 1 2 . . Critical Parts Destroyed 1 | . . . . . . . . 1 . . . . . . . . . . . . . Critical Strikes 26 | . . . . . . . 1 3 2 . . 3 4 . 4 3 1 1 2 1 1 Meltdown 3 | . . . . . . . . . . . . . . . . . 1 . 2 . . Destroy 4 | . . . . . . . . 1 2 . . . . . . . . 1 . . . Blast 4 | . . . . . . . . . . . . . 1 . 1 2 . . . . . Sever 13 | . . . . . . . 1 2 . . . 3 3 . 3 1 . . . . . Impale 2 | . . . . . . . . . . . . . . . . . . . . 1 1 Melee Attacks 311 | . . . . 1 8 18 41 54 5 1 2 45 53 . 23 33 12 . . 6 9 Impact . | . . . . . . . . . . . . . . . . . . . . . . Slashing 256 | . . . . 1 8 15 36 47 2 1 2 33 49 . 19 33 10 . . . . Piercing 15 | . . . . . . . . . . . . . . . . . . . . 6 9 Sneak Attacks 56 | . . . . 1 3 . 16 4 2 . . 6 3 . 3 14 3 . . 1 . Combat Hostiles . | . . . . . . . . . . . . . . . . . . . . . . Follow-up Attacks . | . . . . . . . . . . . . . . . . . . . . . . Damage Inflicted 20764 | 129 1171 201 . 73 736 428 1896 2807 801 . 196 1525 2013 . 1459 3550 1701 514 975 371 218 Guns 3447 | 129 196 . . . . . 34 270 648 . . . . . . 545 627 257 424 199 118 Cannons 3569 | . . . . . . . . 110 . . . . 735 . 347 949 805 257 366 . . Explosions 1840 | . 967 201 . . 345 . . . . . . 108 . . . 34 . . 185 . . Melee 11900 | . . . . 73 391 428 1862 2427 153 . 196 1417 1278 . 1112 2022 269 . . 172 100 Ramming 8 | . 8 . . . . . . . . . . . . . . . . . . . . Kinetic 5521 | 129 196 . . . . . 34 380 648 . . . 735 . 347 1494 627 257 404 199 71 Thermal 2570 | . 967 . . . . . . . . . . 108 . . . . 805 257 386 . 47 Explosive 731 | . . 201 . . 345 . . . . . . . . . . . . . 185 . . Electromagnetic 34 | . . . . . . . . . . . . . . . . 34 . . . . . Impact . | . . . . . . . . . . . . . . . . . . . . . . Slashing 11628 | . . . . 73 391 428 1862 2427 153 . 196 1417 1278 . 1112 2022 269 . . . . Piercing 272 | . . . . . . . . . . . . . . . . . . . . 172 100 Highest Corruption 20 | . . . . . . . . 2 2 . . . . . 1 . 1 7 8 9 20 Average Corruption 4 | . . . . . . . . 2 2 . . . . . 1 . 1 5 7 8 10 Corruption Purged . | . . . . . . . . . . . . . . . . . . . . . . Corruption Blocked . | . . . . . . . . . . . . . . . . . . . . . . Effects 99 | . . . . . . . . 10 16 . . . . . 2 . 3 7 35 17 9 Message Errors 24 | . . . . . . . . 3 5 . . . . . . . . 4 7 3 2 Matter Fused 24 | . . . . . . . . 3 4 . . . . . 1 . . 2 9 3 2 Heat Flow Errors 11 | . . . . . . . . . 3 . . . . . 1 . 2 . 5 . . Energy Discharges 17 | . . . . . . . . . 2 . . . . . . . 1 1 4 7 2 Parts Rejected 1 | . . . . . . . . . . . . . . . . . . . 1 . . Data Loss (minor) 9 | . . . . . . . . 2 1 . . . . . . . . . 4 1 1 Data Loss (major) 8 | . . . . . . . . 2 1 . . . . . . . . . 3 2 . Misfires 1 | . . . . . . . . . . . . . . . . . . . 1 . . Alerts 2 | . . . . . . . . . . . . . . . . . . . 1 1 . Misdirections 2 | . . . . . . . . . . . . . . . . . . . . . 2 Overload Shots . | . . . . . . . . . . . . . . . . . . . . . . Overflow Damage 2345 | . 156 45 . . 84 42 472 124 . . 106 350 190 . 97 521 . 9 130 19 . Projectiles 315 | . . . . . . . . . . . . . 90 . . 187 . 9 29 . . Explosions 380 | . 156 45 . . 5 . . . . . . 73 . . . . . . 101 . . Melee 1650 | . . . . . 79 42 472 124 . . 106 277 100 . 97 334 . . . 19 . Knockbacks 13 | . . . . . . . . 7 . . . . 4 . . 2 . . . . . Impact . | . . . . . . . . . . . . . . . . . . . . . . Kinetic 9 | . . . . . . . . 5 . . . . 3 . . 1 . . . . . Secondary 4 | . . . . . . . . 2 . . . . 1 . . 1 . . . . . Self-Inflicted Damage 148 | . 4 . . . 85 . . . . . . . . . . . . . 59 . . Shots 3 | . . . . . 2 . . . . . . . . . . . . . 1 . . Rammed 2 | . 2 . . . . . . . . . . . . . . . . . . . . Targets Rammed 2 | . 2 . . . . . . . . . . . . . . . . . . . . Kicked . | . . . . . . . . . . . . . . . . . . . . . . Crushed . | . . . . . . . . . . . . . . . . . . . . . . Highest Temperature 349 | . 1 24 . . 3 . 3 16 349 50 . 2 40 4 122 . 245 . 221 . 68 Average Temperature 55 | . 1 12 . . 3 . 3 6 126 20 . 2 13 4 23 . 61 . 87 . 40 Received Heat Transfer 2886 | . 72 . . 6 36 18 153 360 306 . . 117 390 . 18 357 483 . 297 126 147 Effects 3 | . . . . . . . . . 2 . . . . . . . . . 1 . . Shutdowns 1 | . . . . . . . . . 1 . . . . . . . . . . . . Energy Bleed 1 | . . . . . . . . . . . . . . . . . . . 1 . . Damage (minor) 1 | . . . . . . . . . 1 . . . . . . . . . . . . Siege Activations . | . . . . . . . . . . . . . . . . . . . . . . Martial Activations . | . . . . . . . . . . . . . . . . . . . . . . Shielding Activations . | . . . . . . . . . . . . . . . . . . . . . . Robots Disrupted . | . . . . . . . . . . . . . . . . . . . . . . Combat Hostiles . | . . . . . . . . . . . . . . . . . . . . . . Robots Corrupted . | . . . . . . . . . . . . . . . . . . . . . . Combat Hostiles . | . . . . . . . . . . . . . . . . . . . . . . Parts Fried . | . . . . . . . . . . . . . . . . . . . . . . Impact Corruptions . | . . . . . . . . . . . . . . . . . . . . . . Robots Melted 4 | . . . . . . . . . . . . . . . . . 2 . 2 . . Combat Hostiles 2 | . . . . . . . . . . . . . . . . . 1 . 1 . . Parts Melted 8 | . . . . . . . . . . . . . . . . 1 4 . 3 . . Heat Transferred 3058 | . 650 . . . . . . . . . . 50 . . . . 1147 400 737 . 74 Parts Sabotaged . | . . . . . . . . . . . . . . . . . . . . . . Parts Stolen . | . . . . . . . . . . . . . . . . . . . . . . Parts Stripped . | . . . . . . . . . . . . . . . . . . . . . . Power Chain Reactions . | . . . . . . . . . . . . . . . . . . . . . . Alert | -11 -10 -10 -10 -9 -8 -8 -8 -8 -8 -7 -7 -7 -7 -7 -7 -6 -6 -5 -5 -5 -5 ------- Run | Yrd Mat Min Exi Min Mat Gar Mat Gar Mat Fac Was Fac Gar Fac Gar Fac Gar Fac Gar Fac Gar Maximum Alert Level 3 | . 2 1 . . 1 1 . 2 1 . . . 3 2 2 1 3 2 2 1 . Low Security (%) 46 | 100 54 80 . 100 95 66 100 31 1 100 100 100 28 . . 5 17 25 38 89 100 Level 1 37 | . 23 19 . . 4 33 . 62 98 . . . 19 58 28 94 27 52 60 10 . Level 2 13 | . 22 . . . . . . 6 . . . . 47 41 71 . 32 21 1 . . Level 3 2 | . . . . . . . . . . . . . 4 . . . 22 . . . . Level 4 . | . . . . . . . . . . . . . . . . . . . . . . Level 5 . | . . . . . . . . . . . . . . . . . . . . . . High Security . | . . . . . . . . . . . . . . . . . . . . . . Max Security . | . . . . . . . . . . . . . . . . . . . . . . Peak Influence 786 | 5 493 211 . 21 244 266 173 499 349 138 43 159 777 407 541 392 786 433 493 258 71 Initial 412 | . 3 190 . . . 71 129 16 243 138 43 9 98 407 270 283 129 412 95 258 . Average 239 | 2 182 172 . 1 67 180 44 268 261 127 28 86 400 399 419 308 468 307 217 103 32 Influence Increases 6698 | 15 561 91 . 26 318 225 379 683 528 15 . 282 779 . 341 556 857 163 628 80 171 Destroy 0b10 Robot/C 2720 | . 200 60 . 20 100 20 160 320 340 . . 100 320 . 120 320 300 80 200 40 20 Destroy 0b10 Robot/NC 270 | 15 15 . . 5 10 10 45 15 5 . . 25 10 . 20 50 5 5 10 25 . Destroy Leader 396 | . 22 10 . . 10 . 30 20 90 . . 12 20 . 10 90 10 32 30 . 10 Allied During Kill 136 | . . . . 1 . 1 4 1 35 . . . 4 . 4 2 24 17 32 11 . Trap Triggered on 0b10 160 | . . . . . . . 40 50 . . . . . . . . . 10 40 . 20 Successful Hack 244 | . 23 . . . 20 16 21 . 28 . . 40 28 . 30 10 28 . . . . Select Force Hacks 160 | . 50 . . . 50 . 30 . . . . . . . . 30 . . . . . Disable Machine 315 | . 60 . . . . 75 . . 15 15 . 60 15 . 15 30 15 . 15 . . Anti-Garrison Action 1350 | . . . . . . 100 . 250 . . . . 250 . 100 . 350 . 250 . 50 Destroy Structure 407 | . 41 21 . . 23 3 4 27 . . . 30 102 . 27 9 80 4 21 4 11 Partial Spotted 30 | . 15 . . . 15 . . . . . . . . . . . . . . . . Lose Combat Pursuer 510 | . 135 . . . 90 . 45 . 15 . . 15 30 . 15 15 45 15 30 . 60 Influence Decreases 6697 | 10 78 398 181 26 208 69 619 210 722 197 110 154 143 390 187 912 256 812 272 573 170 Entered New Map 2669 | . 2 298 181 . . 39 137 10 256 167 80 4 43 370 117 258 56 374 42 235 . Time Decay 2055 | 10 76 100 . 26 58 . 347 . 386 30 30 150 . 20 . 334 . 238 . 250 . Lost Part 710 | . . . . . 50 10 40 100 . . . . 40 . 20 110 20 30 130 40 120 Lost Ally 868 | . . . . . 100 20 . 100 80 . . . 60 . 50 60 180 20 100 48 50 Purge Threat 395 | . . . . . . . 95 . . . . . . . . 150 . 150 . . . Squads Dispatched 28 | . 2 . . 1 3 . 1 . 5 . . 3 . . . 4 . 3 . 6 . Investigation 16 | . 2 . . 1 2 . 1 . 1 . . 2 . . . 2 . 2 . 3 . Extermination 3 | . . . . . . . . . . . . . . . . 1 . 1 . 1 . Reinforcement 5 | . . . . . 1 . . . 1 . . 1 . . . 1 . . . 1 . Assault . | . . . . . . . . . . . . . . . . . . . . . . Garrison 4 | . . . . . . . . . 3 . . . . . . . . . . 1 . Intercept . | . . . . . . . . . . . . . . . . . . . . . . Searches Triggered . | . . . . . . . . . . . . . . . . . . . . . . Construction Impeded . | . . . . . . . . . . . . . . . . . . . . . . Haulers Reinforced 2 | . . . . . . . . . . . . 1 . . . . . . . 1 . Active Scanning Responses . | . . . . . . . . . . . . . . . . . . . . . . Cargo Convoy Interrupts . | . . . . . . . . . . . . . . . . . . . . . . Alert ID Control Effect 6 | . . . . . . . . . . . . . . . . . . . 1 5 . Stealth | -11 -10 -10 -10 -9 -8 -8 -8 -8 -8 -7 -7 -7 -7 -7 -7 -6 -6 -5 -5 -5 -5 --------- Run | Yrd Mat Min Exi Min Mat Gar Mat Gar Mat Fac Was Fac Gar Fac Gar Fac Gar Fac Gar Fac Gar Distress Signals 5 | . . . . . 2 . . . 1 . . . . . . 1 . . . 1 . Communications Jammed 54 | . . . . . . . . . . . . . . . . . . . . 54 . Distress Signals 54 | . . . . . . . . . . . . . . . . . . . . 54 . Times Spotted 290 | . 22 3 . 3 18 2 15 31 24 . . 10 22 . 11 34 28 8 32 22 5 Peak Tracking Total 11 | . 11 3 . 3 10 2 3 5 4 . . 3 4 . 5 5 10 2 7 6 8 Tactical Retreats 21 | . 4 . . . 2 . 3 . 1 . . 1 2 . 1 1 2 1 2 . 1 Traps | -11 -10 -10 -10 -9 -8 -8 -8 -8 -8 -7 -7 -7 -7 -7 -7 -6 -6 -5 -5 -5 -5 ------- Run | Yrd Mat Min Exi Min Mat Gar Mat Gar Mat Fac Was Fac Gar Fac Gar Fac Gar Fac Gar Fac Gar Traps Triggered 15 | . . . . . . 1 . . . 1 . . 1 . . 1 5 1 3 . 2 Indirectly . | . . . . . . . . . . . . . . . . . . . . . . Trap Hack Attempts 30 | . . . . . . . . . . . . . . . . . . 30 . . . Triggered . | . . . . . . . . . . . . . . . . . . . . . . Disarmed 1 | . . . . . . . . . . . . . . . . . . 1 . . . Reprogrammed 3 | . . . . . . . . . . . . . . . . . . 3 . . . Reused 16 | . . . . . . . 4 5 . . . . . . . . . 1 4 . 2 Traps Extracted 4 | . . . . . . . . . . . . . . . . . . 2 2 . . Installed 25 | . . . . . . . 6 6 . . . . . . . . . . 9 . 4 Triggered 16 | . . . . . . . 4 5 . . . . . . . . . 1 4 . 2 Most Traps Carried 14 | . . . . . . 12 12 6 . . . . . . 4 4 4 6 14 9 9 Objects Rigged 6 | . 2 . . . . . . . . . . 4 . . . . . . . . . Exploded 3 | . 1 . . . . . . . . . . 2 . . . . . . . . . Machines | -11 -10 -10 -10 -9 -8 -8 -8 -8 -8 -7 -7 -7 -7 -7 -7 -6 -6 -5 -5 -5 -5 ---------- Run | Yrd Mat Min Exi Min Mat Gar Mat Gar Mat Fac Was Fac Gar Fac Gar Fac Gar Fac Gar Fac Gar Machines Disabled 40 | . 4 . . . . 7 . 2 1 1 . 4 6 . 3 2 5 . 4 . 1 Max in Single Turn 4 | . 4 . . . . 1 . 1 1 1 . 4 1 . 1 1 1 . 1 . 1 Garrison Relay 19 | . . . . . . 2 . 2 . . . . 5 . 2 . 4 . 3 . 1 Machines Repaired . | . . . . . . . . . . . . . . . . . . . . . . Machines Dismantled . | . . . . . . . . . . . . . . . . . . . . . . Machines Sabotaged 2 | . 1 . . . 1 . . . . . . . . . . . . . . . . Overloaded Fab Kills . | . . . . . . . . . . . . . . . . . . . . . . Hacking | -11 -10 -10 -10 -9 -8 -8 -8 -8 -8 -7 -7 -7 -7 -7 -7 -6 -6 -5 -5 -5 -5 --------- Run | Yrd Mat Min Exi Min Mat Gar Mat Gar Mat Fac Was Fac Gar Fac Gar Fac Gar Fac Gar Fac Gar Machines Accessed 53 | . 4 1 2 1 6 1 4 2 3 . . 5 2 1 2 5 4 5 . 5 . Terminals 27 | . 4 . . . 3 1 1 2 2 . . 1 2 . 2 1 4 3 . 1 . Fabricators 1 | . . . . . . . . . . . . 1 . . . . . . . . . Repair Stations 2 | . . . . . . . . . . . . 1 . . . 1 . . . . . Recycling Units 4 | . . . . . 1 . . . . . . . . . . . . 1 . 2 . Scanalyzers 8 | . . . . . 1 . 2 . 1 . . 1 . . . 2 . . . 1 . Garrison Access 7 | . . . . . 1 . 1 . . . . 1 . 1 . 1 . 1 . 1 . Total Hacks 146 | . 17 1 2 1 23 2 13 3 10 . . 15 2 1 3 22 9 10 . 12 . Successful 75 | . 12 1 2 1 12 1 9 . 6 . . 9 2 1 2 10 2 1 . 4 . Failed 68 | . 4 . . . 11 1 4 3 4 . . 6 . . 1 11 7 9 . 7 . Catastrophic 15 | . . . . . 1 . 1 1 2 . . . . . . 1 2 4 . 3 . Database Lockouts 3 | . 1 . . . . . . . . . . . . . . 1 . . . 1 . Manual 63 | . 15 . 1 . 11 . 5 1 4 . . 10 . . . 11 . 5 . . . Terminals 70 | . 17 . . . 11 2 3 3 6 . . 5 2 . 3 2 9 5 . 2 . Fabricators 3 | . . . . . . . . . . . . 3 . . . . . . . . . Repair Stations 6 | . . . . . . . . . . . . 2 . . . 4 . . . . . Recycling Units 8 | . . . . . 2 . . . . . . . . . . . . 2 . 4 . Scanalyzers 31 | . . . . . 4 . 6 . 4 . . 2 . . . 10 . . . 5 . Garrison Access 24 | . . . . . 6 . 4 . . . . 3 . 1 . 6 . 3 . 1 . Terminal Hacks 23 | . 5 1 2 1 2 1 2 . 2 . . . 2 . 2 1 2 . . . . Record 1 | . . . 1 . . . . . . . . . . . . . . . . . . Part Schematic 1 | . . . . . . . 1 . . . . . . . . . . . . . . Robot Schematic 1 | . 1 . . . . . . . . . . . . . . . . . . . . Robot Analysis 3 | . 3 . . . . . . . . . . . . . . . . . . . . Open Door 2 | . . 1 . 1 . . . . . . . . . . . . . . . . . Level Access Points 1 | . . . . . 1 . . . . . . . . . . . . . . . . Branch Access Points 2 | . . . . . 1 . . . 1 . . . . . . . . . . . . Emergency Access Points 2 | . . . . . . . . . . . . . 1 . . . 1 . . . . Scanalyzer Index 1 | . . . . . . . . . 1 . . . . . . . . . . . . Unreport Threat 1 | . . . . . . . 1 . . . . . . . . . . . . . . Locate Traps 2 | . 1 . . . . . . . . . . . . . . 1 . . . . . Garrison Registry 2 | . . . . . . . . . . . . . 1 . 1 . . . . . . Patrol Navigation 1 | . . . . . . . . . . . . . . . . . 1 . . . . Security Stations 2 | . . . . . . 1 . . . . . . . . 1 . . . . . . Proto ID Catalog 1 | . . . 1 . . . . . . . . . . . . . . . . . . Fabricator Hacks 2 | . . . . . . . . . . . . 2 . . . . . . . . . Load Schematic 1 | . . . . . . . . . . . . 1 . . . . . . . . . Build 1 | . . . . . . . . . . . . 1 . . . . . . . . . Repair Station Hacks . | . . . . . . . . . . . . . . . . . . . . . . Recycling Unit Hacks 1 | . . . . . 1 . . . . . . . . . . . . . . . . Retrieve Components 1 | . . . . . 1 . . . . . . . . . . . . . . . . Scanalyzer 22 | . . . . . 4 . 5 . 4 . . 1 . . . 5 . . . 3 . Insert Component 6 | . . . . . 1 . 1 . 1 . . . . . . 2 . . . 1 . Analyze 4 | . . . . . . . . . 1 . . . . . . 2 . . . 1 . Retrieve Study 12 | . . . . . 3 . 4 . 2 . . 1 . . . 1 . . . 1 . Garrison Access Hacks 7 | . . . . . 1 . 1 . . . . 1 . 1 . 1 . 1 . 1 . Unlock Access 7 | . . . . . 1 . 1 . . . . 1 . 1 . 1 . 1 . 1 . Unauthorized Hacks 20 | . 7 . . . 4 . 1 . . . . 5 . . . 3 . . . . . Terminals 14 | . 7 . . . 4 . . . . . . 3 . . . . . . . . . Track 4 | . 2 . . . 1 . . . . . . 1 . . . . . . . . . Assimilate 1 | . 1 . . . . . . . . . . . . . . . . . . . . Botnet 3 | . 1 . . . 1 . . . . . . 1 . . . . . . . . . Detonate 2 | . 1 . . . . . . . . . . 1 . . . . . . . . . Skim 2 | . 1 . . . 1 . . . . . . . . . . . . . . . . Sabotage 2 | . 1 . . . 1 . . . . . . . . . . . . . . . . Fabricators . | . . . . . . . . . . . . . . . . . . . . . . Repair Stations 2 | . . . . . . . . . . . . 1 . . . 1 . . . . . Mechanics 1 | . . . . . . . . . . . . 1 . . . . . . . . . Patch 1 | . . . . . . . . . . . . . . . . 1 . . . . . Recycling Units . | . . . . . . . . . . . . . . . . . . . . . . Scanalyzers . | . . . . . . . . . . . . . . . . . . . . . . Garrison Access 4 | . . . . . . . 1 . . . . 1 . . . 2 . . . . . Reprogram 1 | . . . . . . . . . . . . . . . . 1 . . . . . Intercept 1 | . . . . . . . . . . . . 1 . . . . . . . . . Eject 2 | . . . . . . . 1 . . . . . . . . 1 . . . . . Data Cores Recovered . | . . . . . . . . . . . . . . . . . . . . . . Used . | . . . . . . . . . . . . . . . . . . . . . . Hacking Detections 41 | . 4 . . . 4 1 2 2 3 . . 5 . 1 2 4 4 5 . 4 . Full Trace Events 14 | . 1 . . . 1 . . 1 1 . . 2 . . . . 3 2 . 3 . Feedback Events 3 | . . . . . 1 . . . . . . . . . . . 1 . . 1 . Corruption 2 | . . . . . . . . . . . . . . . . . 1 . . 1 . Hackware Fried 1 | . . . . . 1 . . . . . . . . . . . . . . . . Feedback Blocked . | . . . . . . . . . . . . . . . . . . . . . . Robot Schematics Acquired 1 | . 1 . . . . . . . . . . . . . . . . . . . . Robots Built 1 | . . . . . . . . . . . . 1 . . . . . . . . . Authchips . | . . . . . . . . . . . . . . . . . . . . . . Time 40 | . . . . . . . . . . . . 40 . . . . . . . . . Total Robot Build Rating 1 | . . . . . . . . . . . . 1 . . . . . . . . . Part Schematics Acquired 4 | . . . . . . . 1 . . . . . . . . 2 . . . 1 . Parts Built . | . . . . . . . . . . . . . . . . . . . . . . Authchips . | . . . . . . . . . . . . . . . . . . . . . . Time . | . . . . . . . . . . . . . . . . . . . . . . Total Part Build Rating . | . . . . . . . . . . . . . . . . . . . . . . Part Studies Acquired 12 | . . . . . 3 . 4 . 2 . . 1 . . . 1 . . . 1 . Parts Repaired . | . . . . . . . . . . . . . . . . . . . . . . Time . | . . . . . . . . . . . . . . . . . . . . . . Parts Recycled . | . . . . . . . . . . . . . . . . . . . . . . Recycled Matter . | . . . . . . . . . . . . . . . . . . . . . . Retrieved Matter . | . . . . . . . . . . . . . . . . . . . . . . Retrieved Components 2 | . . . . . 2 . . . . . . . . . . . . . . . . Parts Scanalyzed 5 | . . . . . . . 1 . 1 . . . . . . 2 . . . 1 . Part Schematics Acquired 3 | . . . . . . . . . . . . . . . . 2 . . . 1 . Parts Damaged . | . . . . . . . . . . . . . . . . . . . . . . Bothacking | -11 -10 -10 -10 -9 -8 -8 -8 -8 -8 -7 -7 -7 -7 -7 -7 -6 -6 -5 -5 -5 -5 ------------ Run | Yrd Mat Min Exi Min Mat Gar Mat Gar Mat Fac Was Fac Gar Fac Gar Fac Gar Fac Gar Fac Gar Used RIF Installer 6 | . . . . . . 1 . 1 . . . . 1 . 1 . 1 . 1 . . Command Fork 1 | . . . . . . . . 1 . . . . . . . . . . . . . Signal Jammer 1 | . . . . . . . . . . . . . . . . . 1 . . . . Zone Cloak 1 | . . . . . . . . . . . . . 1 . . . . . . . . Alert ID Control 1 | . . . . . . . . . . . . . . . . . . . 1 . . Autoassimilate 1 | . . . . . . . . . . . . . . . 1 . . . . . . Robots Hacked 77 | . . . . . . 2 3 3 2 . . 4 4 . 3 13 14 3 8 16 2 Non-combat 24 | . . . . . . . 2 . 2 . . 4 . . . 6 . 3 . 7 . Combat 53 | . . . . . . 2 1 3 . . . . 4 . 3 7 14 . 8 9 2 Autoassimilated 8 | . . . . . . . . . . . . . . . . 2 2 . 2 1 1 Robot Hacks Applied 82 | . . . . . . 2 3 3 3 . . 6 4 . 3 13 14 6 6 18 1 no_distress 4 | . . . . . . . . . . . . . . . . 1 . . . 3 . start_evac 1 | . . . . . . . . . 1 . . . . . . . . . . . . map_walls 2 | . . . . . . . . . . . . . . . . . . . . 2 . find_fabricator 3 | . . . . . . . . . . . . 1 . . . . . 2 . . . drop_inventory 4 | . . . . . . . 1 . . . . 1 . . . 1 . 1 . . . purge_threat 2 | . . . . . . . . . . . . . . . . 1 . 1 . . . locate_traps 2 | . . . . . . . . . . . . . . . . 1 . 1 . . . disarm_traps 1 | . . . . . . . . . 1 . . . . . . . . . . . . block_reporting 2 | . . . . . . . . . 1 . . . . . . . . . . 1 . recall_investigation 1 | . . . . . . . . . . . . . . . . . . 1 . . . map_route 3 | . . . . . . . . . . . . 2 . . . 1 . . . . . find_garrison 2 | . . . . . . . . . . . . . . . . 1 . . . 1 . scatter_targeting 3 | . . . . . . . . 1 . . . . . . . . 1 . 1 . . overload_power 5 | . . . . . . . . . . . . 2 . . . 1 1 . 1 . . amplify_resonance 5 | . . . . . . . . . . . . . . . . 2 2 . . 1 . disable_weapons 4 | . . . . . . 1 . . . . . . . . . . 3 . . . . go_dormant 2 | . . . . . . . . . . . . . 1 . . . . . . 1 . overwrite_iff 18 | . . . . . . . . . . . . . 1 . 2 4 6 . 1 4 . streamctrl_high 2 | . . . . . . . . 2 . . . . . . . . . . . . . formatsys_low 3 | . . . . . . . 1 . . . . . . . . . . . . 2 . formatsys_high 13 | . . . . . . 1 1 . . . . . 2 . 1 . 1 . 3 3 1 Relay Couplers Released 88 | . . . . . . 9 3 9 . . . . 22 . 6 8 13 . 13 . 5 Ejected 7 | . . . . . . . 3 . . . . . . . . 4 . . . . . Machine Destruction 73 | . . . . . . 9 . 9 . . . . 18 . 6 . 13 . 13 . 5 Programmers 8 | . . . . . . . . . . . . . 4 . . 4 . . . . . Attached 28 | . . . . . . 2 1 1 1 1 . . 2 . 3 5 5 1 4 2 . Fabnet Peak Effective % . | . . . . . . . . . . . . . . . . . . . . . . Robots Rewired 3 | . . . . . . . . 3 . . . . . . . . . . . . . Allies Hacked 2 | . . . . . . . . . . . . . . . 1 . . . . 1 . Hacks Repelled . | . . . . . . . . . . . . . . . . . . . . . . Allies | -11 -10 -10 -10 -9 -8 -8 -8 -8 -8 -7 -7 -7 -7 -7 -7 -6 -6 -5 -5 -5 -5 -------- Run | Yrd Mat Min Exi Min Mat Gar Mat Gar Mat Fac Was Fac Gar Fac Gar Fac Gar Fac Gar Fac Gar Total Allies 62 | . . . . 1 . 1 2 6 . . . 1 4 . 5 6 14 . 7 13 2 Largest Group 9 | . . . . 1 . 1 1 3 3 . . 1 2 1 2 2 3 2 3 9 3 Highest-Rated Group 274 | . . . . 31 . 16 16 72 72 . . 14 30 14 32 58 157 157 128 274 108 Highest-Rated Ally 95 | . . . . 31 . 16 16 31 24 . . 14 16 14 16 29 95 95 49 49 49 Total Orders 8 | . . . . . . 3 . 1 . . . 1 2 . . . . . . . 1 STAY 2 | . . . . . . 1 . . . . . . 1 . . . . . . . . ROAM 1 | . . . . . . . . . . . . . . . . . . . . . 1 FOLLOW 1 | . . . . . . 1 . . . . . . . . . . . . . . . AID 2 | . . . . . . . . . . . . 1 1 . . . . . . . . RETURN 2 | . . . . . . 1 . 1 . . . . . . . . . . . . . Ally Attacks 215 | . . . . 3 7 1 4 16 32 . . . 6 . 11 15 34 9 32 43 2 Total Damage 4054 | . . . . 62 . . 58 141 640 . . . 68 . 127 211 529 417 865 882 54 Kills 33 | . . . . 1 . . 3 1 8 . . . 2 . 1 . 5 1 5 6 . Allies Corrupted 2 | . . . . . . . 1 . . . . . . . . . . . . . 1 Allies Melted 2 | . . . . . . . . . . . . . . . . . 2 . . . . Intel | -11 -10 -10 -10 -9 -8 -8 -8 -8 -8 -7 -7 -7 -7 -7 -7 -6 -6 -5 -5 -5 -5 ------- Run | Yrd Mat Min Exi Min Mat Gar Mat Gar Mat Fac Was Fac Gar Fac Gar Fac Gar Fac Gar Fac Gar Active Infowar (turns) 3995 | 25 230 202 1186 277 49 642 1195 . . . . . . . . . . . 120 12 57 Traps 2064 | . . . . . 38 642 1195 . . . . . . . . . . . 120 12 57 Seismic 1933 | 25 230 202 1186 277 11 2 . . . . . . . . . . . . . . . T.N.C. 170 | . 166 4 . . . . . . . . . . . . . . . . . . . Robot Analysis Total 3 | . 3 . . . . . . . . . . . . . . . . . . . . Derelict Logs Recovered 1 | . . 1 . . . . . . . . . . . . . . . . . . . Drone Launches 22 | . . . . . 7 3 . 12 . . . . . . . . . . . . . Drone Recoveries 6 | . . . . . . 2 . 4 . . . . . . . . . . . . . Exploration | -11 -10 -10 -10 -9 -8 -8 -8 -8 -8 -7 -7 -7 -7 -7 -7 -6 -6 -5 -5 -5 -5 ------------- Run | Yrd Mat Min Exi Min Mat Gar Mat Gar Mat Fac Was Fac Gar Fac Gar Fac Gar Fac Gar Fac Gar Turns Passed 13155 | 73 230 202 1186 277 191 816 1366 1269 903 77 77 377 1100 48 551 748 1158 505 1214 590 197 Spaces Moved 8005 | 55 335 279 299 213 328 483 418 551 367 117 238 523 644 49 332 493 846 340 644 338 113 Core 326 | 53 259 . . . . . . . . . . . . . . . . . 2 . 12 Treads 1031 | 2 . . . . . 68 160 434 367 . . . . . . . . . . . . Legs 2943 | . . . . . . 51 . . . . . 69 644 49 332 342 425 340 642 49 . Wheels 1223 | . . . . . . . 258 117 . . . . . . . 151 421 . . 175 101 Hover 114 | . . . . . . . . . . . . . . . . . . . . 114 . Flight 2368 | . 76 279 299 213 328 364 . . . 117 238 454 . . . . . . . . . Fastest Speed 24 | 50 37 37 37 117 29 34 80 80 160 28 28 24 90 90 90 86 85 100 100 52 50 Average Speed 107 | 54 47 51 394 117 30 97 176 158 160 28 28 37 95 90 125 96 97 108 104 86 90 Slowest Speed 450 | 160 50 117 437 117 114 320 320 240 160 28 28 270 180 90 180 245 110 112 450 245 250 Overloaded Moves . | . . . . . . . . . . . . . . . . . . . . . . Propulsion Burnouts . | . . . . . . . . . . . . . . . . . . . . . . Robots Hopped 5 | . 2 2 . . . . . . . . . 1 . . . . . . . . . Potential Cave-ins 1 | . . . . . . . . 1 . . . . . . . . . . . . . Cave-ins Triggered . | . . . . . . . . . . . . . . . . . . . . . . Exploration Rate (%) 37 | 4 50 61 61 30 36 46 30 63 43 4 91 12 66 2 40 10 87 10 53 12 11 Regions Visited 21 Branch Regions 3 Pre-discovered Areas 2 | . . 1 1 . . . . . . . . . . . . . . . . . . Known Exits Taken 8 | . . . . . 1 . 1 . 1 . . 1 . 1 . 1 . 1 . 1 . Unknown Exits Taken 5 | 1 1 1 1 1 . . . . . . . . . . . . . . . . . Scrap Searched 2 | . . 1 . 1 . . . . . . . . . . . . . . . . . Spaces Dug 32 | . . . . . 4 3 4 2 . . . 8 1 . 5 2 . . . . 3 Terrain Destroyed 179 | . 40 23 . . 21 3 4 2 . . . 43 14 . 7 8 2 . 9 . 3 Melee 27 | . . . . . 4 3 4 2 . . . 8 1 . . 2 . . . . 3 Projectile 29 | . . . . . . . . . . . . . 13 . 7 6 2 . 1 . . AOE 123 | . 40 23 . . 17 . . . . . . 35 . . . . . . 8 . . Terrain Rammed . | . . . . . . . . . . . . . . . . . . . . . . Walls Destroyed . | . . . . . . . . . . . . . . . . . . . . . . Machines Disabled . | . . . . . . . . . . . . . . . . . . . . . . Actions | -11 -10 -10 -10 -9 -8 -8 -8 -8 -8 -7 -7 -7 -7 -7 -7 -6 -6 -5 -5 -5 -5 --------- Run | Yrd Mat Min Exi Min Mat Gar Mat Gar Mat Fac Was Fac Gar Fac Gar Fac Gar Fac Gar Fac Gar Total 11705 | 78 376 333 310 240 409 818 1009 854 626 166 245 669 1027 52 429 658 1049 440 1119 607 191 Wait 2198 | . 7 45 2 16 39 263 513 147 175 23 . 66 254 3 20 4 30 25 349 189 28 Move 7980 | 54 330 274 298 212 328 482 417 550 366 117 237 521 643 49 331 492 845 340 643 338 113 Hop 5 | . 2 2 . . . . . . . . . 1 . . . . . . . . . Pick Up 155 | 6 5 3 6 3 4 15 7 15 14 2 . 6 13 . 9 12 13 2 10 7 3 Fast Attach 110 | 4 4 . . 2 5 6 6 9 1 1 3 9 6 . 6 14 6 4 13 11 . Attach 100 | 2 2 2 1 1 9 6 1 8 3 9 . 2 7 . 9 13 10 4 4 3 4 Detach 36 | . . 2 1 . 5 5 . 2 . . . 8 1 . 2 6 . . 1 3 . Swap 130 | . . . 1 1 3 2 3 18 17 1 . 5 1 . 1 11 22 9 22 9 4 Drop 181 | 1 6 3 1 4 6 6 11 14 16 12 3 6 17 . 13 12 19 4 9 6 12 Fire 401 | 11 18 2 . . 2 . 4 31 29 . . . 26 . 15 61 85 22 54 35 6 Melee 311 | . . . . 1 8 18 41 54 5 1 2 45 53 . 23 33 12 . . 6 9 Ram 2 | . 2 . . . . . . . . . . . . . . . . . . . . Kick . | . . . . . . . . . . . . . . . . . . . . . . Crush . | . . . . . . . . . . . . . . . . . . . . . . Escape Stasis 40 | . . . . . . 15 . . . . . . 5 . . . 7 . 5 . 8 Rewire 1 | . . . . . . . . . . . . . 1 . . . . . . . . Trap 55 | . . . . . . . 6 6 . . . . . . . . . 30 9 . 4 Miscellaneous . | . . . . . . . . . . . . . . . . . . . . . . Route ------- -11/Scrapyard -10/Materials (discovered 3 exits: [*Mat x2] / *Min) -10/Mines (discovered 3 exits: [*Mat x2] / *Exi) -10/Exiles -9/Mines -8/Materials (discovered 4 exits: *Fac x3 / Gar) -8/Garrison (discovered 2 exits: *Mat x2) -8/Materials -8/Garrison (discovered 3 exits: *Fac x2 / *Mat) -8/Materials -7/Factory -7/Waste -7/Factory -7/Garrison (discovered 3 exits: *Fac x3) -7/Factory -7/Garrison (discovered 3 exits: *Fac x3) -6/Factory -6/Garrison (discovered 3 exits: *Fac x3) -5/Factory (discovered 3 exits: [*Fac] / [*Upp] / Gar) -5/Garrison (discovered 2 exits: *Fac x2) -5/Factory (discovered 2 exits: [*Ext] / Gar) -5/Garrison History --------- Turn | Location | Event 47 | -11/Scrapyard | Discovered new exit (range 16) 74 | -11/Scrapyard | Entered Materials 104 | -10/Materials | Discovered new exit (range 11) 153 | -10/Materials | Discovered new exit (range 5) 155 | -10/Materials | Central database locked down 300 | -10/Materials | Discovered new exit (range 11) 304 | -10/Materials | Entered Mines 307 | -10/Mines | Found the Drone Emporium 309 | -10/Mines | Found Prototype Device 319 | -10/Mines | Discovered new exit (range 4) 331 | -10/Mines | Discovered new exit (range 5) 332 | -10/Mines | Build established: Mutant 335 | -10/Mines | Learned location of Mines (-9) 387 | -10/Mines | Received a Rocket Launcher from a helpful Derelict 501 | -10/Mines | Deemed a non-threat by the Exiles lab entrance 501 | -10/Mines | Discovered new exit (range 5) 506 | -10/Mines | Entered Exiles 518 | -10/Exiles | Met 8R-AWN 655 | -10/Exiles | Met EX-HEX 800 | -10/Exiles | Met EX-BIN 865 | -10/Exiles | Aligned with FarCom system 870 | -10/Exiles | Given EX-Vault access code 970 | -10/Exiles | Opened EX-Vault 996 | -10/Exiles | Found AWS/Autocannon 1002 | -10/Exiles | Found Longsword +1 1096 | -10/Exiles | Warned to stay clear of 0b10 Research branches 1205 | -10/Exiles | Met EX-DEC 1245 | -10/Exiles | Learned location of Zion (-7) 1367 | -10/Exiles | Discovered new exit (range 14) 1692 | -10/Exiles | Left Exiles lab with Longsword +1 1692 | -10/Exiles | Entered Mines 1718 | -9/Mines | Received a Mining Laser from a helpful Derelict 1882 | -9/Mines | Discovered new exit (range 7) 1898 | -9/Mines | Met a Derelict shopkeep closing up shop 1969 | -9/Mines | Entered Materials 1969 | -8/Materials | Evolved 4 slots: Propulsion x2, Utility x2 1971 | -8/Materials | Identified Bomb Drone Bay 2064 | -8/Materials | Identified exit to Factory 2128 | -8/Materials | Lost 4 parts (3n1w) 2142 | -8/Materials | Lost 7 allies 2160 | -8/Materials | Identified exit to Garrison 2160 | -8/Materials | System Shield fried by hacking feedback 2160 | -8/Materials | Entered Garrison 2196 | -8/Garrison | Discovered new exit (range 15) 2204 | -8/Garrison | Triggered checkpoint 2217 | -8/Garrison | Garrison Relay disabled 2393 | -8/Garrison | Installed Relay Interface Framework 2395 | -8/Garrison | Build established: Scavenger-Mutant 2414 | -8/Garrison | Discovered new exit (range 15) 2419 | -8/Garrison | Learned Materials security intel 2431 | -8/Garrison | Garrison Relay disabled 2438 | -8/Garrison | Triggered checkpoint 2730 | -8/Garrison | Build established: Mutant 2976 | -8/Garrison | Entered Materials 2976 | -8/Materials | Accompanied by 1 ally 4323 | -8/Materials | Identified exit to Garrison 4342 | -8/Materials | Entered Garrison 4342 | -8/Garrison | Accompanied by 1 ally 4432 | -8/Garrison | Build established: Scavenger-Mutant 4497 | -8/Garrison | Triggered checkpoint 4497 | -8/Garrison | Triggered checkpoint 4566 | -8/Garrison | Lost 4 parts (1p3n) 4676 | -8/Garrison | Discovered exit to Factory (range 11) 4728 | -8/Garrison | Triggered checkpoint 4733 | -8/Garrison | Core integrity fell below 50% 4793 | -8/Garrison | Garrison Relay disabled 4888 | -8/Garrison | Rescued a captive Derelict 4888 | -8/Garrison | Rescued a captive Derelict 4903 | -8/Garrison | Lost 3 parts (1p1n1w) 5101 | -8/Garrison | Build established: Bothacker-Mutant 5162 | -8/Garrison | Triggered checkpoint 5227 | -8/Garrison | Expanded RIF knowledge: Command Fork 5277 | -8/Garrison | Discovered exit to Factory (range 15) 5352 | -8/Garrison | Triggered checkpoint 5370 | -8/Garrison | Garrison Relay disabled 5382 | -8/Garrison | Triggered checkpoint 5414 | -8/Garrison | Lost 5 allies 5433 | -8/Garrison | Build established: Scavenger-Mutant 5483 | -8/Garrison | Discovered new exit (range 6) 5611 | -8/Garrison | Entered Materials 5611 | -8/Materials | Accompanied by 4 allies 5871 | -8/Materials | Build established: Bothacker-Mutant 6289 | -8/Materials | Garrison activated, responded to threat 6378 | -8/Materials | Core integrity fell below 20% 6477 | -8/Materials | Discovered exit to Factory (range 16) 6514 | -8/Materials | Entered Factory 6514 | -7/Factory | Evolved 2 slots: Propulsion x2 6591 | -7/Factory | Sucked down chute 6591 | -7/Factory | Entered Waste 6591 | -7/Waste | The area was eerily silent 6646 | -7/Waste | Discovered new exit (range 14) 6668 | -7/Waste | Entered Factory 6823 | -7/Factory | Build established: Scavenger-Sprinter 6857 | -7/Factory | Fabricated M-13 Machinist? 7045 | -7/Factory | Identified exit to Garrison 7045 | -7/Factory | Entered Garrison 7045 | -7/Garrison | Accompanied by 1 ally 7065 | -7/Garrison | Triggered checkpoint 7091 | -7/Garrison | Garrison Relay disabled 7151 | -7/Garrison | Triggered checkpoint 7250 | -7/Garrison | Build established: Mutant 7496 | -7/Garrison | Discovered new exit (range 6) 7509 | -7/Garrison | Expanded RIF knowledge: Zone Cloak 7537 | -7/Garrison | Garrison Relay disabled 7545 | -7/Garrison | Triggered checkpoint 7571 | -7/Garrison | Garrison Relay disabled 7729 | -7/Garrison | Build established: Bothacker-Mutant 7839 | -7/Garrison | Discovered new exit (range 85) 7839 | -7/Garrison | Discovered new exit (range 64) 7839 | -7/Garrison | Discovered new exit (range 61) 7903 | -7/Garrison | Triggered checkpoint 8093 | -7/Garrison | Garrison Relay disabled 8115 | -7/Garrison | Garrison Relay disabled 8145 | -7/Garrison | Entered Factory 8145 | -7/Factory | Accompanied by 1 ally 8193 | -7/Factory | Identified exit to Garrison 8193 | -7/Factory | Entered Garrison 8193 | -7/Garrison | Accompanied by 1 ally 8219 | -7/Garrison | Discovered new exit (range 63) 8219 | -7/Garrison | Discovered new exit (range 57) 8219 | -7/Garrison | Discovered new exit (range 81) 8257 | -7/Garrison | Learned Factory security intel 8264 | -7/Garrison | Garrison Relay disabled 8299 | -7/Garrison | Triggered checkpoint 8378 | -7/Garrison | Expanded RIF knowledge: Autoassimilate 8521 | -7/Garrison | Triggered checkpoint 8583 | -7/Garrison | Triggered checkpoint 8621 | -7/Garrison | Garrison Relay disabled 8744 | -7/Garrison | Entered Factory 8744 | -6/Factory | Evolved 2 slots: Utility x2 8766 | -6/Factory | Central database locked down 9059 | -6/Factory | Destroyed 7 combat bots 9064 | -6/Factory | Lost 8 parts (1p5n2w) 9268 | -6/Factory | Lost 3 parts (2n1u) 9373 | -6/Factory | Found Hvy. Reflective Plating 9483 | -6/Factory | Identified exit to Garrison 9492 | -6/Factory | Entered Garrison 9566 | -6/Garrison | Triggered checkpoint 9615 | -6/Garrison | Lost 7 allies 9647 | -6/Garrison | Discovered new exit (range 11) 9659 | -6/Garrison | Expanded RIF knowledge: Signal Jamming 9680 | -6/Garrison | Triggered checkpoint 9693 | -6/Garrison | Garrison Relay disabled 9737 | -6/Garrison | Triggered checkpoint 9766 | -6/Garrison | Triggered checkpoint 9835 | -6/Garrison | Build established: Scavenger-Mutant 9892 | -6/Garrison | Garrison Relay disabled 9965 | -6/Garrison | Discovered new exit (range 11) 10094 | -6/Garrison | Rescued a captive Derelict 10095 | -6/Garrison | Rescued a captive Derelict 10151 | -6/Garrison | Lost 3 allies 10152 | -6/Garrison | Triggered checkpoint 10177 | -6/Garrison | Garrison Relay disabled 10327 | -6/Garrison | Discovered new exit (range 13) 10422 | -6/Garrison | Triggered checkpoint 10423 | -6/Garrison | Found embedded Infiltrators 10438 | -6/Garrison | Garrison Relay disabled 10465 | -6/Garrison | Build established: Botlord-Mutant 10650 | -6/Garrison | Entered Factory 10650 | -5/Factory | Accompanied by 2 allies 10650 | -5/Factory | Evolved 2 slots: Utility x2 10657 | -5/Factory | Discovered new exit (range 6) 10769 | -5/Factory | Spotted B-75 Beast 11061 | -5/Factory | Discovered new exit (range 7) 11155 | -5/Factory | Identified exit to Garrison 11155 | -5/Factory | Entered Garrison 11581 | -5/Garrison | Triggered checkpoint 11591 | -5/Garrison | Garrison Relay disabled 11649 | -5/Garrison | Triggered checkpoint 11766 | -5/Garrison | Spotted B-75 Beast 11777 | -5/Garrison | Triggered checkpoint 11800 | -5/Garrison | Destroyed B-75 Beast 11838 | -5/Garrison | Lost 4 allies 11965 | -5/Garrison | Expanded RIF knowledge: Alert ID Control 11991 | -5/Garrison | Discovered new exit (range 11) 12013 | -5/Garrison | Triggered checkpoint 12022 | -5/Garrison | Garrison Relay disabled 12083 | -5/Garrison | Triggered checkpoint 12121 | -5/Garrison | Triggered checkpoint 12192 | -5/Garrison | Lost 8 parts (1p3n2u2w) 12309 | -5/Garrison | Discovered new exit (range 9) 12334 | -5/Garrison | Garrison Relay disabled 12347 | -5/Garrison | Triggered checkpoint 12369 | -5/Garrison | Entered Factory 12456 | -5/Factory | Lost 3 parts (1p2n) 12867 | -5/Factory | Central database locked down 12869 | -5/Factory | Garrison activated, responded to threat 12876 | -5/Factory | Discovered new exit (range 15) 12959 | -5/Factory | Identified exit to Garrison 12959 | -5/Factory | Entered Garrison 12959 | -5/Garrison | Accompanied by 1 ally 12989 | -5/Garrison | Lost 8 allies 12997 | -5/Garrison | Triggered checkpoint 13005 | -5/Garrison | Garrison Relay disabled 13096 | -5/Garrison | System corruption reached 10% 13106 | -5/Garrison | Spotted B-75 Beast 13120 | -5/Garrison | Core integrity fell below 50% 13121 | -5/Garrison | Lost 3 allies 13141 | -5/Garrison | Core integrity fell below 20% 13156 | -5/Garrison | Destroyed by B-75 Beast with Heavy Machine Gun Last Messages --------------- 13130_ P-70 Sage resets B-75 Beast, system corruption cleaned. 13135_ Lance destroyed. 13137_ Trap Extractor dropped EM Surge Trap. 13137_ Acquired 5 matter. 13139_ Dropped Imp. Remote Datajack+. 13140_ Acquired EM Surge Trap. 13140_ Relay Coupler [Grunt] destroyed. 13141_ P-70 Sage resets B-75 Beast, system corruption cleaned. 13142_ Dropped EM Surge Trap. 13142_ Installed EM Surge Trap. 13143_ Triggered EM Surge Trap. 13143_ The floor emits a surge of raw power. 13143_ System corrupted (+5). 13143_ Trap Extractor destroyed. 13143_ Critical hit (Blast). 13143_ Knocked back. 13144_ System corrupted: Energy discharge (-15). 13146_ Knocked back. Map ----- +----------------------------------------------------+ | ?????????????????????????????????????????????????? | | ?????????????????????????????????????????????????? | | ?????????????????????????????????????????????????? | | ?????????????????????????????????????????????????? | | ?????????????????????????????????????????????????? | | ?????????????????????????????????????????????????? | | ?????????????????????????????????????????????????? | | ?????????????????????????????????????????????????? | | ?????????????????????????????????????????????????? | | ?????????????????????????????????????????????????? | | ?????????????????????????????????????????????????? | | ?????????????????????????????????????????????????? | | ?????????????????????????????????????????????????? | | ????????????????????????????????##???????????????? | | ???????????????????????????????? #??????????????? | | ????????????????????????????????# #??????????????? | | ????????????????????????????????#/######### #??? | | ??????????????????????????????## ![[%=^^! | | ??????????????????????????????## *[%*!^ | | ?????????????????????????????? #[=# ##### | | ?????????????????????????????? ##??????????? | | ?????????????????????????????? *# #??????????? | | ?????????????????????????????! ! #??????????? | | ???????????????????????######*! ###?????????? | | ??????????????????????##!|pBB%= #???? | | ??????????????????????#% @ BB[! ####?????????? | | ??????????????????????##|*!#!! #????????????? | | ???????????????????????# %## # ###????????????? | | ???????????????????????##;##?### ##?????????????? | | ????????????????????????###?#??# ##??????????????? | | ????????????????????????# # ## ######??????????? | | ??????????????????????????# " #??????????? | | ????????????????????????# ## #### #??????????? | | ????????????????????????## ??# #??# #??????????? | | ?????????????????????????## ???# #??# #??????????? | | ???????????????????????????????# #??# #??????????? | | ???????????????????????????????# #### #??????????? | | ???????????????????????????????# # #???#######? | | ???????????????????????????????# # ## #???#""" "#? | | ???????????????????????????????# #"#########=! ##? | | ???????????????????????????????# !==!!!#? | | ???????????????????????????????####### ########? | | ?????????????????????????????????????# #???????? | | ?????????????????????????????????????#####???????? | | ?????????????????????????????????????????????????? | | ?????????????????????????????????????????????????? | | ?????????????????????????????????????????????????? | | ?????????????????????????????????????????????????? | | ?????????????????????????????????????????????????? | | ?????????????????????????????????????????????????? | +----------------------------------------------------+ Best States ------------- Heat Dissipation 64 Energy Generation 25 Energy Capacity 310 Matter Stores 300 Matter Capacity 300 Sight Range 16 Terrain Scan Density 10 Armor Coverage 750 Resistance: TH 25 Propulsion Shielding 66 Evasion (%) 65 Targeting Accuracy 8 Target Analysis 5 Recoil Reduction 4 Salvage Targeting 2 Offensive Hacking 10 Defensive Hacking 10 Relay Coupler Types 4 Relay Coupler Value 112 Authchip Count 2 Trap Extractor Capacity 6 Item Schematics ----------------- Trap Extractor | -8/Materials | Hacked Imp. Heavy Armor Plating | -6/Factory | Scanalyzed Imp. Trap Extractor | -6/Factory | Scanalyzed Cld. Gravmag System | -5/Factory | Scanalyzed Robot Schematics ------------------ M-13 Machinist | -10/Materials | Hacked Fabricated ------------ M-13 Machinist | x1 | -7/Factory Repaired ---------- Nothing Studied --------- Flight Unit | -8/Materials | Hacked Rocket Launcher | -8/Materials | Hacked Imp. Datajack | -8/Materials | Hacked Wheel | -8/Materials | Hacked Com. Wheel | -8/Materials | Hacked Lgt. Assault Rifle | -8/Materials | Hacked Lgt. Nuclear Core | -8/Materials | Hacked Hvy. Assault Rifle | -8/Materials | Hacked Carbon-fiber Leg | -8/Materials | Hacked Mic. Nuclear Core | -7/Factory | Hacked Hvy. Mass Driver | -6/Factory | Hacked Imp. Remote Datajack | -5/Factory | Hacked Alien Tech Used ----------------- None Achievements -------------- Deductive Reasoning Hack The Planet Hackerman Satisfying Versatile Challenges ------------ None Game ------ Seed SpectralTargetingStabilizer Manual? 0 Play Time 02:19:50 Cumulative 806.7 hours Start 2026.09.20 @ 16:48:16 End 2026.09.20 @ 19:06:48 Sessions 1 Manual Loads 0 Difficulty Rogue Special Mode None Game No. 206 Rogue 68 Adventurer 138 Explorer 0 Win Type - Total 13 Types 9/0/1/2/0/0/0/0/1/0 Lore% 80 Gallery% 75 Achievement% 60 Wizard Run 0 Options --------- Layout 2 ASCII 0 Keyboard 0 Movement Mouse Keybinds 0 Fullscreen 1 Font 24/Smallcaps Map View 50x49 Zoom Use 0% Tactical HUD 1 Map Filters NONE Filters NONE Steam 1 RUN: 2b5ac0db-91e2-4a13-89f4-a8a197faf6b0